 Dungeon Crawl Stone Soup version 0.23.1 (webtiles) character file.

Game seed: 10115466079692545708

373 Borgoz the Skirmisher (level 6, -1/52 HPs)
             Began as a Ghoul Monk on Mar 16, 2019.
             Was a Believer of Ashenzari.
             Slain by a worker ant (4 damage)
             ... on level 4 of the Dungeon.
             The game lasted 00:06:02 (3815 turns).

Borgoz the Skirmisher (Ghoul Monk)                  Turns: 3815, Time: 00:06:02

Health: -1/52      AC:  7    Str: 15      XL:     6   Next: 72%
Magic:  5/5        EV: 12    Int:  4 (5)  God:    Ashenzari [**....]
Gold:   188        SH:  0    Dex: 11 (13) Spells: 5/5 levels left

rFire    . . .     SeeInvis .   a - +0 short sword
rCold    + . .     Gourm    .   (no shield)
rNeg     + + +     Faith    .   n - +0 ring mail
rPois    ∞         Spirit   .   (no helmet)
rElec    .         Reflect  .   w - +0 cloak
rCorr    .         Harm     .   (no gloves)
MR       .....                  t - +0 pair of boots (curse)
Stlth    ++........             (no amulet)
HPRegen  0.00/turn              (no ring)
MPRegen  0.09/turn              (no ring)

@: rotting
A: rotting body, claws 1, carnivore, cold resistance 1, negative energy
resistance 3, inhibited regeneration, torment resistance, unbreathing
a: Curse Item, Scrying, Renounce Religion


You were on level 4 of the Dungeon.
You worshipped Ashenzari.
Ashenzari was pleased with you.
You were not hungry.

You visited 2 branches of the dungeon, and saw 5 of its levels.

You collected 188 gold pieces.

Inventory:

Hand Weapons
 a - a +0 short sword (weapon)
Armour
 n - a +0 ring mail (worn)
 t - a cursed +0 pair of boots (worn)
 w - a +0 cloak (worn)
Wands
 h - a wand of flame (12)
 v - a wand of iceblast (3)
Scrolls
 d - a scroll of fear {unknown}
 e - 8 scrolls of identify {unknown}
 g - 4 scrolls of teleportation {unknown}
 i - a scroll of enchant weapon {unknown}
 k - a scroll of immolation
 o - a scroll of blinking {unknown}
 q - 2 scrolls of amnesia {unknown}
 r - a scroll of magic mapping {unknown}
 s - 2 scrolls of remove curse
Potions
 b - a potion of degeneration
 j - a potion of agility
 l - 2 potions of curing
 m - 2 potions of mutation {unknown}
 p - a potion of brilliance {unknown}
Comestibles
 c - 6 rations


   Skills:
 + Level 4.1 Fighting
 * Level 4.0 Short Blades
 * Level 2.7 Armour
 * Level 4.0 Dodging
 + Level 3.6 Stealth


You had 5 spell levels left.
You didn't know any spells.
Your spell library was empty.

Dungeon Overview and Level Annotations

Branches:
Dungeon (4/15)             Temple (1/1) D:4

Altars:
Ashenzari
Dithmenos
Fedhas
Gozag
Hepliaklqana
Kikubaaqudgha
Makhleb
Nemelex Xobeh
Okawaru
Qazlal
Ru
Sif Muna
Trog
Uskayaw
Vehumet
Wu Jian
Xom
Yredelemnul

Annotations:
D:4 1 runed translucent door, EtherCrawl's ghost, amateur GnEn


Innate Abilities, Weirdness & Mutations

Your body is rotting away.
You thrive on raw meat.
You are immune to poison.
You have sharp fingernails.
You are carnivorous and can eat meat at any time.
Your flesh is cold resistant. (rC+)
You are immune to negative energy. (rN+++)
You do not regenerate when monsters are visible.
You are immune to unholy pain and torment.
You can survive without breathing.


Message History

You closely miss the worker ant.
The worker ant is heavily wounded.
The worker ant misses you.
You closely miss the worker ant.
The worker ant is heavily wounded.
The worker ant misses you.
You hit the worker ant but do no damage.
The worker ant is heavily wounded.
The worker ant closely misses you. The worker ant bites you.
* * * LOW HITPOINT WARNING * * *
You barely miss the worker ant.
The worker ant is heavily wounded.
The worker ant closely misses you.
You barely miss the worker ant.
The worker ant is heavily wounded.
The worker ant closely misses you.
You hit the worker ant.
The worker ant is heavily wounded.
The worker ant bites you.
You die...

#.......# #.###.
.###.......# #.#...
...........#### #.....
#..........#######.#.
#..................#.
#########
#.......##.#########.
#.....<.....#.....###.#
#######. ##.#
####.##a### #..
........ ...# #. #@#
####......<. .........
.#...# .#######
######### ##.#### #


You could see a worker ant.

Vanquished Creatures
  An ogre (D:4)
  A howler monkey (D:4)
  An orc priest (D:3)
  An iguana (D:4)
  2 worker ants (D:4)
  4 adders
  2 oozes
  5 worms
  2 dart slugs (D:2)
  4 leopard geckos
  8 orcs
  6 bats
  6 giant cockroaches
  9 hobgoblins
  A jackal (D:4)
  A quokka (D:4)
  4 frilled lizards
  A giant cockroach zombie (D:4)
  11 goblins
  A jackal skeleton (D:4)
  4 kobolds
  A quokka skeleton (D:4)
  7 rats
  A spectral orc (D:2)
84 creatures vanquished.

Notes
Turn   | Place    | Note
-------+----------+-------------------------------------------
     0 | D:1      | Borgoz the Ghoul Monk began the quest for the Orb.
     0 | D:1      | Reached XP level 1. HP: 19/19 MP: 0/0
    48 | D:1      | Reached XP level 2. HP: 18/26 MP: 1/1
  1058 | D:2      | Found an ancient bone altar of Kikubaaqudgha.
  1081 | D:2      | Reached XP level 3. HP: 31/31 MP: 2/2
  1088 | D:2      | Reached skill level 1 in Armour
  1356 | D:2      | Reached XP level 4. HP: 36/39 MP: 3/3
  1481 | D:2      | Found a shadowy altar of Dithmenos.
  1547 | D:2      | Found a hide-covered altar of Uskayaw.
  1548 | D:2      | Found an opulent altar of Gozag.
  1746 | D:2      | Found a basalt altar of Yredelemnul.
  2603 | D:3      | Reached XP level 5. HP: 31/46 MP: 4/4
  2890 | D:3      | Found a faded altar of an unknown god.
  3048 | D:4      | Noticed an ogre
  3069 | D:4      | Killed an ogre
  3069 | D:4      | Reached XP level 6. HP: 52/52 MP: 5/5
  3273 | D:4      | Found a staircase to the Ecumenical Temple.
  3317 | Temple   | Entered the Ecumenical Temple
  3644 | Temple   | Became a worshipper of Ashenzari the Shackled
  3644 | Temple   | Reached * piety under Ashenzari
  3644 | Temple   | Reached ** piety under Ashenzari
  3688 | D:4      | Identified the ring of Xiytauga {rPois rF++ rC- MR+ Dex+6}
  3688 | D:4      | Noticed EtherCrawl's ghost (amateur GnEn)
  3689 | D:4      | Found a runed translucent door.
  3815 | D:4      | Slain by a worker ant

Skill      XL: |  1  2  3  4  5  6 |
---------------+-------------------+-----
Short Blades   | 3 4 |  4.0
Dodging        | 3 4 |  4.0
Armour         | 1 2 |  2.7
Stealth        | 3 |  3.6
Fighting       | 4 |  4.1

Action                   |  1- 3 |  4- 6 || total
-------------------------+-------+-------++-------
Melee: Short sword       |   126 |   311 ||   437
  Use: Potion            |     1 |     7 ||     8
 Stab: Sleeping          |     6 |     4 ||    10
  Eat: Chunk             |     8 |    25 ||    33
Armor: Robe              |    23 |     3 ||    26
       Ring mail         |       |    63 ||    63
Dodge: Dodged            |    56 |   173 ||   229
